 Dungeon Crawl Stone Soup version 0.31-a0-188-g5e087ee2ca (webtiles) character file.

Game seed: 13555410047852908679

249 senseless the Covert (level 6, -4/53 HPs)
             Began as a Gnoll Delver on June 23, 2023.
             Slain by a gnoll
             ... wielding a +0 club
              (7 damage)
             ... on level 5 of the Dungeon.
             The game lasted 00:05:41 (1564 turns).

senseless the Covert (Gnoll Delver)                 Turns: 1564, Time: 00:05:42

Health: -4/53      AC:  3    Str: 19 (20) XL:     6   Next: 12%
Magic:  8/8        EV: 13    Int:  7 (9)  God:
Gold:   46         SH:  0    Dex: 10 (13) Spells: 8/8 levels left

rFire   . . .        a - +0 hand axe
rCold   . . .        (no shield)
rNeg    . . .        b - +0 leather armour
rPois   .            (no helmet)
rElec   .            (no cloak)
rCorr   .            (no gloves)
SInv    .            (no boots)
Will    .....        (no amulet)
Stlth   ++++         j - +6 ring of strength
HPRegen 0.28/turn    (no ring)
MPRegen 0.11/turn

%: no passive effects
@: lethally poisoned (-4 -> -5)
A: fangs 1, strong nose, distributed training
a: no special abilities


You were on level 5 of the Dungeon.
You visited 1 branch of the dungeon, and saw 2 of its levels.
You also visited: Sewer.

You collected 46 gold pieces.

Inventory:

Hand Weapons
 a - a +0 hand axe (weapon)
Armour
 b - a +0 leather armour (worn)
 h - a +0 chain mail
Jewellery
 j - a +6 ring of strength (left hand)
Wands
 g - a wand of digging (3)
Scrolls
 c - 2 scrolls of fog
 d - a scroll of revelation
 e - 2 scrolls of fear
 k - 2 scrolls of immolation {unknown}
 n - a scroll of enchant weapon {unknown}
Potions
 f - a potion of haste
 m - a potion of curing {unknown}
Miscellaneous
 i - a sack of spiders (quivered)


   Skills:
 + Level 6.8 Fighting
 + Level 1.9 Short Blades
 + Level 1.9 Long Blades
 + Level 4.9 Axes
 + Level 1.9 Maces & Flails
 + Level 1.9 Polearms
 + Level 1.9 Staves
 + Level 1.9 Ranged Weapons
 + Level 1.9 Throwing
 + Level 1.9 Armour
 + Level 4.9 Dodging
 + Level 9.7 Stealth
 + Level 1.9 Shields
 + Level 1.9 Unarmed Combat
 + Level 1.9 Spellcasting
 + Level 1.5 Conjurations
 + Level 1.5 Hexes
 + Level 1.5 Summonings
 + Level 1.5 Necromancy
 + Level 1.5 Translocations
 + Level 1.5 Transmutations
 + Level 1.5 Fire Magic
 + Level 1.5 Ice Magic
 + Level 1.5 Air Magic
 + Level 1.5 Earth Magic
 + Level 1.5 Poison Magic
 + Level 2.1 Invocations
 + Level 1.9 Evocations


You had 8 spell levels left.
You didn't know any spells.
Your spell library contained the following spells:

 Spells                   Type           Power      Damage    Failure   Level
 Freeze                   Ice            8%         1d3       26%         1
 Frozen Ramparts          Ice            4%         1d1       58%         3
 Hailstorm                Conj/Ice       2%         3d3       58%         3


Dungeon Overview and Level Annotations

Branches:
Dungeon (5/15)              Sewer (visited)
 Temple: D:4-7

Altars:


Innate Abilities, Weirdness & Mutations

You have very sharp teeth.
Your uncanny sense of smell can sniff out nearby items.
Your experience applies equally to all skills.


Message History

The gnoll is severely wounded.
The gnoll closely misses you. The gnoll misses you.
You closely miss the gnoll.
The gnoll is severely wounded.
The gnoll hits you from afar with a +2 spear of venom.
You are poisoned.
The gnoll hits you with a +0 club.
You closely miss the gnoll.
The gnoll is severely wounded.
You feel very sick.
The gnoll hits you from afar with a +2 spear of venom.
The gnoll hits you with a +0 club!
You are too injured to fight recklessly!
You are too injured to fight recklessly!
You are too injured to fight recklessly!
You are too injured to fight recklessly!
You are too injured to fight recklessly!
You are too injured to fight recklessly!
You are too injured to fight recklessly!
You are too injured to fight recklessly!
You are too injured to fight recklessly!
You are too injured to fight recklessly!
You are too injured to fight recklessly!
You are too injured to fight recklessly!
You are too injured to fight recklessly!
The gnoll attacks as you move away! The gnoll barely misses you.
You feel sick.
You feel sick.
There is a stone staircase leading down here.
You feel sick. The gnoll closely misses you.
You climb downwards.
You feel sick.
There is a stone staircase leading up here.
You hit the gnoll.
The gnoll is almost dead.
You feel sick. The gnoll hits you with a +0 club!
* * * LOW HITPOINT WARNING * * *
It was a potion of degeneration.
There was something very wrong with that liquid.
You feel weakened.
You feel dopey.
You feel clumsy.
You feel sick. The gnoll hits you with a +0 club!
You die...

... #..## #..
...####...### #.#
#...##.....#### ##.#
#............###...
##..................
###...................
##.....................
##..##..................
#..##..@.............##.
##......g............###
#.##........####....##
######.......##...#..##
##.......#...##..#
##.##......####..
##.####.....####. #.##
##......##. #.#
##.##.....


You could see a gnoll.

Vanquished Creatures
  2 bullfrogs (Sewer)
  3 gnolls
  5 adders (Sewer)
  7 ball pythons (Sewer)
  9 endoplasms (Sewer)
  12 giant cockroaches
  4 quokkas
  7 frilled lizards (Sewer)
  A kobold (D:4)
50 creatures vanquished.

Notes
Turn   | Place    | Note
-------+----------+-------------------------------------------
     0 | D:5      | Reached skill level 9 in Stealth
     0 | D:5      | senseless the Gnoll Delver began the quest for the Orb.
     0 | D:5      | Reached XP level 1. HP: 23/23 MP: 1/1
    26 | D:5      | Noticed a hound
   185 | D:5      | Noticed a gnoll bouda
   286 | D:5      | Reached XP level 2. HP: 11/29 MP: 2/2
   387 | D:5      | Found a glowing drain.
   432 | Sewer    | Entered a sewer
   446 | Sewer    | Reached XP level 3. HP: 21/35 MP: 3/3
   521 | Sewer    | Reached skill level 1 in Invocations
   571 | Sewer    | Reached skill level 1 in Short Blades
   571 | Sewer    | Reached skill level 1 in Long Blades
   571 | Sewer    | Reached skill level 1 in Maces & Flails
   571 | Sewer    | Reached skill level 1 in Polearms
   571 | Sewer    | Reached skill level 1 in Staves
   571 | Sewer    | Reached skill level 1 in Ranged Weapons
   571 | Sewer    | Reached skill level 1 in Throwing
   571 | Sewer    | Reached skill level 1 in Armour
   571 | Sewer    | Reached skill level 1 in Shields
   571 | Sewer    | Reached skill level 1 in Unarmed Combat
   571 | Sewer    | Reached skill level 1 in Spellcasting
   571 | Sewer    | Reached skill level 1 in Evocations
   693 | Sewer    | Reached XP level 4. HP: 32/41 MP: 5/5
   804 | Sewer    | Reached skill level 1 in Conjurations
   804 | Sewer    | Reached skill level 1 in Hexes
   804 | Sewer    | Reached skill level 1 in Summonings
   804 | Sewer    | Reached skill level 1 in Necromancy
   804 | Sewer    | Reached skill level 1 in Translocations
   804 | Sewer    | Reached skill level 1 in Transmutations
   804 | Sewer    | Reached skill level 1 in Fire Magic
   804 | Sewer    | Reached skill level 1 in Ice Magic
   804 | Sewer    | Reached skill level 1 in Air Magic
   804 | Sewer    | Reached skill level 1 in Earth Magic
   804 | Sewer    | Reached skill level 1 in Poison Magic
   910 | Sewer    | Noticed a bullfrog
   926 | Sewer    | Killed a bullfrog
   927 | Sewer    | Reached XP level 5. HP: 11/47 MP: 5/7
  1084 | Sewer    | Reached XP level 6. HP: 29/53 MP: 8/8
  1564 | D:5      | Slain by a gnoll

Illustrated notes

Levels and vault maps discovered:
D:4:      layout_basic, mainiacjoe_overflow_small_starburst
D:5:      layout_layer_cave, gup_sewer_entry_pipe, hangedman_glass_teeth,
          nicolae_stop_n_shop_2, kennysheep_generic_room_13

Skill      XL: |  1  2  3  4  5 |
---------------+----------------+-----
Stealth        | |  9.7
Invocations    | 1 2 |  2.1
Short Blades   | 1 |  1.9
Long Blades    | 1 |  1.9
Maces & Flails | 1 |  1.9
Polearms       | 1 |  1.9
Staves         | 1 |  1.9
Ranged Weapons | 1 |  1.9
Throwing       | 1 |  1.9
Armour         | 1 |  1.9
Shields        | 1 |  1.9
Unarmed Combat | 1 |  1.9
Spellcasting   | 1 |  1.9
Evocations     | 1 |  1.9
Conjurations   | 1 |  1.5
Hexes          | 1 |  1.5
Summonings     | 1 |  1.5
Necromancy     | 1 |  1.5
Translocations | 1 |  1.5
Transmutations | 1 |  1.5
Fire Magic     | 1 |  1.5
Ice Magic      | 1 |  1.5
Air Magic      | 1 |  1.5
Earth Magic    | 1 |  1.5
Poison Magic   | 1 |  1.5
Fighting       | |  6.8
Axes           | |  4.9
Dodging        | |  4.9

Action                     |  1- 3 |  4- 6 || total
---------------------------+-------+-------++-------
  Melee: Hand axe          |    67 |    93 ||   160
         Bite              |     8 |    11 ||    19
         Punch             |       |     1 ||     1
    Use: Potion            |       |     3 ||     3
   Stab: Sleeping          |     6 |     4 ||    10
 Armour: Leather armour    |    10 |    14 ||    24
  Dodge: Dodged            |    37 |    77 ||   114

Table legend: (Time is in decaauts)
 A = Elapsed time spent in this place.
 B = Non-inter-level travel time spent in this place.
 C = Inter-level travel time spent in this place.
 D = Time resting spent in this place.
 E = Time spent auto-exploring this place.
 F = Levels seen in this place.
 G = Mean time per level.
                   A        B        C        D        E       F      G
               +--------+--------+--------+--------+--------+-----+--------+
         Total |   1678 |   1657 |     21 |    320 |    785 |   3 |  559.3 |
       Dungeon |    706 |    685 |     21 |    104 |    276 |   2 |  353.0 |
         Sewer |    971 |    971 |      0 |    216 |    508 |   1 |  971.0 |
               +--------+--------+--------+--------+--------+-----+--------+

Top non-repeatable levels by time:
   Sewer: 971 daAuts
     D:5: 478 daAuts
     D:4: 228 daAuts
